 Dungeon Crawl Stone Soup version 0.19-a0-1260-gc94d3f7 (webtiles) character file.

109 TheGoonsmith the Slasher (level 4, 0/35 HPs)
             Began as a Demonspawn Gladiator on Aug 28, 2016.
             Slain by an orc wizard
             ... wielding a +0 dagger
              (2 damage)
             ... on level 2 of the Dungeon.
             The game lasted 00:04:51 (1965 turns).

TheGoonsmith the Slasher (Demonspawn Gladiator)     Turns: 1965, Time: 00:04:54

Health: 0/35       AC:  4    Str: 16    XL:     4   Next: 60%
Magic:  4/4        EV: 18    Int: 14    God:
Gold:   103        SH:  0    Dex: 19    Spells: 0 memorised, 3 levels left

rFire  . . .     SeeInvis .     a - +0 long sword
rCold  . . .     Gourm    .     b - +0 leather armour
rNeg   . . .     Faith    .     (no shield)
rPois  .         Spirit   .     c - +0 helmet
rElec  .         Dismiss  .     (no cloak)
rCorr  .         Reflect  .     (no gloves)
MR     .....     Harm     .     (no boots)
Stlth  ++........               (no amulet)
                                (no ring)
                                (no ring)

@: brilliant, agile
A: talons 2
a: no special abilities


You were on level 2 of the Dungeon.
You were hungry.

You visited 1 branch of the dungeon, and saw 3 of its levels.

You collected 103 gold pieces.

Inventory:

Hand Weapons
 a - a +0 long sword (weapon)
Missiles
 d - 3 throwing nets (quivered)
Armour
 b - a +0 leather armour (worn)
 c - a +0 helmet (worn)
 k - a +0 leather armour of positive energy
Scrolls
 g - a scroll of immolation {unknown}
 i - 4 scrolls of identify {unknown}
 j - a scroll of magic mapping {unknown}
 l - a scroll of enchant armour {unknown}
 m - 3 scrolls of remove curse {unknown}
 n - a scroll of teleportation {unknown}
 q - a scroll of enchant weapon {unknown}
 t - a scroll of recharging {unknown}
Comestibles
 f - 2 bread rations
 r - a meat ration


   Skills:
 + Level 3.2 Fighting
 * Level 4.1 Long Blades
 - Level 1.7 Throwing
 - Level 3.0 Dodging


You had 3 spell levels left.
You didn't know any spells.

Dungeon Overview and Level Annotations

Branches:
Dungeon (3/15)

Altars:
Uskayaw


Innate Abilities, Weirdness & Mutations

You have razor-sharp toenails.


Message History

The orc wizard hits you with a dagger.
* * * LOW HITPOINT WARNING * * *
You climb upwards.
There is a stone staircase leading down here.
You closely miss the orc wizard. Your kick misses the orc wizard.
The orc wizard is moderately wounded.
The orc wizard mumbles some strange words.
The orc wizard blinks!
It was a potion of agility.
You feel agile all of a sudden. The orc wizard barely misses you.
You riposte.
You hit the orc wizard.
You claw the orc wizard, but do no damage.
The orc wizard is severely wounded.
You closely miss the orc wizard.
The orc wizard is severely wounded.
The orc wizard closely misses you.
You riposte.
You hit the orc wizard.
You claw the orc wizard, but do no damage.
The orc wizard is severely wounded.
The orc wizard hits you with a dagger.
You die...

#...# #...# #...#
#...# #...#
########### #..)#
#.....##... #...#
#.....##.##
#...######.....##.#
#.>@o)...'.....'..#
##'#######.....##.##
##'###########.##..#
#.......# #.##..#
#.......# #.##...
#.......# #.##.#.
#.).....######.##.#)
#.......'.........).
#.......######+##+#.


You could see an orc wizard.

Vanquished Creatures
  An orc priest (D:3)
  2 adders (D:2)
  2 oozes (D:1)
  A giant gecko (D:1)
  3 orcs
  2 giant cockroaches
  6 goblins
  6 hobgoblins
  4 jackals (D:2)
  9 kobolds
  A quokka (D:2)
  A ball python (D:2)
  5 bats
  3 giant newts
  6 rats
52 creatures vanquished.

Notes
Turn   | Place    | Note
-------+----------+-------------------------------------------
     0 | D:1      | TheGoonsmith the Demonspawn Gladiator began the quest for the Orb.
     0 | D:1      | Reached XP level 1. HP: 16/16 MP: 1/1
   137 | D:1      | Gained mutation: You have sharp toenails. [demonic ancestry]
   137 | D:1      | Reached XP level 2. HP: 15/22 MP: 2/2
   244 | D:1      | Reached skill level 3 in Long Blades
   579 | D:1      | Reached XP level 3. HP: 27/28 MP: 3/3
   880 | D:1      | Found a hide-covered altar of Uskayaw.
  1623 | D:2      | Gained mutation: You have razor-sharp toenails. [demonic ancestry]
  1623 | D:2      | Reached XP level 4. HP: 6/34 MP: 4/4
  1627 | D:2      | HP: 2/51 [poisoned by an adder]
  1634 | D:2      | HP: 1/51 [poisoned by an adder]
  1945 | D:3      | Reached skill level 4 in Long Blades
  1951 | D:3      | HP: 1/35 [orc wizard/magic dart (6)]
  1960 | D:3      | HP: 1/35 [orc wizard/dagger (1)]
  1965 | D:2      | Slain by an orc wizard

Vault maps used:
D:1:      dpeg_arrival_water_altar, minmay_hedge_maze
D:3:      old_standard_altar

Skill      XL: |  1  2  3  4 |
---------------+-------------+-----
Long Blades    | 3 4 |  4.1
Dodging        | 3 |  3.0
Fighting       | 3 |  3.2
Throwing       | |  1.7

Action                   |  1- 3 |  4- 6 || total
-------------------------+-------+-------++-------
Melee: Long sword        |   166 |    25 ||   191
       Kick              |    32 |     7 ||    39
  Use: Potion            |     2 |     2 ||     4
  Eat: Chunk             |     2 |     1 ||     3
Armor: Leather armour    |    40 |     3 ||    43
       Skin              |     4 |     4 ||     8
Dodge: Dodged            |   112 |    11 ||   123
